woodfighter, chaotic female giant Ranger ---- ---------..--- |.`.`....`...--- |.......|`..`..| ---------|....`.| |.^^^^^^<|...`..| |(^--------.----- --^^^.`.*|.`...| |..|`.@.@..``.| ---|.Z.*|.....| ------------ woodfighter the Ranger Experience level: 7 Strength: 21 Dexterity: 11 Constitution: 19 Intelligence: 14 Wisdom: 13 Charisma: 8 Health: 0(62) Energy: 26(26) Def: 19 Gold: 585 Moves: 6784 Dungeon seed [set]: Game ID: woodfighter_1678540107 Your Inventory: Coins $ - 585 gold pieces Weapons a - an uncursed +2 sling (weapon in hand) B - 14 cursed -3 arrows O - 11 uncursed +0 arrows Armor g - an uncursed +0 pair of high boots (being worn) N - an uncursed +2 dented pot (being worn) Y - an uncursed +1 large shield (being worn) Comestibles b - an uncursed cram ration R - an uncursed lichen corpse Scrolls P - a cursed scroll of identify Q - an uncursed scroll of remove curse X - an uncursed scroll of identify Potions D - an uncursed potion of booze E - an uncursed potion of fruit juice H - a blessed potion of gain ability I - an uncursed potion of sleeping K - an uncursed potion of speed T - an uncursed potion of hallucination U - 2 blessed potions of hallucination Wands c - an uncursed wand of slow monster (0:3) d - an uncursed wand of cold (0:4) Tools f - an uncursed magic whistle v - an uncursed pair of lenses y - an uncursed iron key W - an uncursed towel Gems e - 30 uncursed flints (in quiver) h - an uncursed worthless piece of yellow glass q - an uncursed touchstone z - 2 uncursed worthless pieces of orange glass Boulders/Statues k - an uncursed boulder l - an uncursed boulder n - an uncursed boulder r - an uncursed boulder Spells and supernatural/magical abilities: Name Level Category Fail Memory W - pray for help -- divine ? -- Your skills at the end: Miscellaneous Skills shield [Skilled] wands [Basic] Weapon Skills two-handed sword [Basic] sling [Basic] Spellcasting Skills Final Attributes: You were devoutly aligned. You were invulnerable. You had automatic searching. You had infravision. You were somewhat stealthy. You are dead. Vanquished creatures: 2 giant beetles a leprechaun an orc-captain a plains centaur a baby crocodile a wood nymph 3 rock piercers a shrieker a gnome lord a gnomish wizard 2 giant ants a homunculus a kobold lord a kobold shaman 2 iguanas a rabid rat 2 giant bats a wererat 7 killer bees a large kobold 7 geckos a hobgoblin a yellow mold 2 manes 6 jackals 4 kobolds 6 newts 8 sewer rats 4 grid bugs 3 bats 3 lichens a kobold zombie 78 creatures vanquished. Voluntary challenges: You had followed a strict vegan diet until turn 2722. You had followed a strict vegetarian diet until turn 2722. You did not adorn yourself with jewelry or accessories. You did not cause conflict. You were not invisible. You did not have reflection. You were not displaced. You had been an atheist until turn 5129. You did not donate to any temples.. You never hit with a wielded weapon. You did not apply a unicorn horn. You did not use plumbed fixtures. You did not drink any magical draughts. You were illiterate. You never genocided any monsters. You never polymorphed an object. You never changed form. You used no wishes. You did not use any artifacts. You never split a pudding. You never wrote Elbereth's name. You never violated your personal moral code. You enabled loading special bones files. Dungeon overview: The Dungeons of Doom: levels 1 to 9 Level 1 a vault, a fountain a long staircase Level 2 a hardware shop Level 3 some fountains Level 4 a scroll shop, a sink stairs to The Gnomish Mines Level 5 (stash) a vault, a fountain, a sink, a throne Level 6 Level 7 a vault, a fountain Level 8 many fountains Level 9 (white unicorn) a fountain, a bench stairs to Sokoban The Gnomish Mines: Level 5 stairs to The Dungeons of Doom Sokoban: Level 8 <- You were here a magic chest stairs to The Dungeons of Doom History has recorded: On T:1 you entered the Dungeons of Doom to retrieve the Amulet of Yendor! On T:38 you reached level 2 of The Dungeons of Doom. On T:1455 you reached level 3 of The Dungeons of Doom. On T:1534 you advanced to experience level 2. On T:1747 you reached level 4 of The Dungeons of Doom. On T:2229 you advanced to experience level 3. On T:2782 you reached level 1 of The Gnomish Mines. On T:3096 you reached level 5 of The Dungeons of Doom. On T:3134 you advanced to experience level 4. On T:3622 you reached level 6 of The Dungeons of Doom. On T:4196 you reached level 7 of The Dungeons of Doom. On T:4313 you advanced to experience level 5. On T:4973 you reached level 8 of The Dungeons of Doom. On T:5129 you prayed to Mars. On T:5167 you advanced to experience level 6. On T:5581 you reached level 9 of The Dungeons of Doom. On T:6767 you reached level 4 of Sokoban. On T:6775 you advanced to experience level 7. On T:6783 you prayed to Mars. Score breakdown: Gold: 585 ( 58 points) Experience: 7 levels ( 600 points) Exploration: 9 levels ( 240 points) Discoveries: 19 items ( 950 points) Variety of kills: 32 monsters ( 1600 points) Major goal: (nothing yet) ( 0 points) Survival: died (score multiplied by 3) Total score: 10344 Latest messages: The werejackal zaps a wand of cold! The bolt of cold hits you! The bolt of cold bounces! The bolt of cold hits you! The flint hits the werejackal. The werejackal zaps a wand of cold! The bolt of cold whizzes by you! The bolt of cold bounces! The orc zombie scratches you! The werejackal zaps a wand of cold! The bolt of cold hits you! The bolt of cold bounces! The bolt of cold hits you! You hear the howling of the CwnAnnwn... You begin praying to Mars. You are surrounded by a shimmering light. The werejackal zaps a wand of cold! The bolt of cold whizzes by you! The bolt of cold bounces! The bolt of cold whizzes by you! The bolt of cold hits the werejackal! The orc zombie starts to attack you, but pulls back. The werejackal zaps a wand of cold! The bolt of cold hits you! You die... Final status: Goodbye woodfighter the Ranger, killed by a bolt of cold, while praying... You died in Sokoban on dungeon level 8 with 10344 points, and 585 pieces of gold, after 6784 moves. You were level 7 with a maximum of 62 hit points when you died.